 Dungeon Crawl Stone Soup version 0.19.4-9-g45fd643 (webtiles) character file.

2169 LORDOFBUTT the Jinx (level 9, -5/39 HPs)
             Began as a Spriggan Enchanter on Feb 17, 2017.
             Was an Initiate of Gozag.
             Slain by a wight
             ... wielding a +0 halberd
              (11 damage)
             ... on level 8 of the Dungeon.
             The game lasted 00:13:31 (8800 turns).

LORDOFBUTT the Jinx (Spriggan Enchanter)            Turns: 8800, Time: 00:13:31

Health: -5/39      AC:  3    Str:  7    XL:     9   Next: 11%
Magic:  27/32      EV: 18    Int: 16    God:    Gozag
Gold:   310        SH:  0    Dex: 20    Spells: 3 memorised, 20 levels left

rFire  . . .     SeeInvis +     a - +1 dagger
rCold  . . .     Gourm    .     b - +1 robe
rNeg   . . .     Faith    .     (shield restricted)
rPois  .         Spirit   .     (helmet restricted)
rElec  .         Reflect  .     (no cloak)
rCorr  .         Harm     .     (gloves unavailable)
MR     +....                    (boots unavailable)
Stlth  ++++......               (no amulet)
                                n - +3 ring of dexterity
                                h - ring of magical power

@: very slightly contaminated, drained, very quick
A: unfitting armour, see invisible, herbivore 3, speed 3, slow metabolism 2
a: Potion Petition, Call Merchant, Bribe Branch, Renounce Religion


You were on level 8 of the Dungeon.
You worshipped Gozag.
Gozag was aware of your devotion.
You were not hungry.

You visited 2 branches of the dungeon, and saw 9 of its levels.

You collected 392 gold pieces.
You paid 82 gold pieces to Gozag.

Inventory:

Hand Weapons
 a - a +1 dagger (weapon)
Armour
 b - a +1 robe (worn)
Jewellery
 h - a ring of magical power (left hand)
 m - a -2 ring of strength
 n - a +3 ring of dexterity (right hand)
 q - an uncursed ring of ice
 A - a +1 ring of protection
 E - a +3 ring of strength
Wands
 t - a wand of heal wounds (6/9)
 y - a wand of polymorph (20/24)
 z - a wand of acid (7/15)
 F - a wand of lightning (11/15)
 H - a wand of polymorph (15/24)
Scrolls
 g - 2 scrolls of enchant armour {unknown}
 r - a scroll of enchant weapon {unknown}
 v - 3 scrolls of remove curse
 w - 2 scrolls of blinking {unknown}
 x - a scroll of holy word {unknown}
 C - 2 scrolls of teleportation {unknown}
 G - a scroll of random uselessness {unknown}
 I - a scroll of silence {unknown}
 J - a scroll of amnesia
Potions
 e - a potion of resistance
 f - 2 potions of heal wounds
 i - 2 potions of ambrosia
 j - 2 potions of lignification
 k - 2 potions of flight
 l - 2 potions of brilliance
 o - a potion of curing
 p - a potion of berserk rage
 s - a potion of magic
 u - 2 potions of might {unknown}
Books
 c - a book of Maledictions

   Spells                             Type                      Level
   a - Corona                         Hexes                        1
   b - Ensorcelled Hibernation        Hexes/Ice                    2
   c - Confuse                        Hexes                        3
   d - Tukima's Dance                 Hexes                        3
   e - Dazzling Spray                 Conjuration/Hexes            3
 D - a book of Minor Magic

   Spells                             Type                      Level
   a - Magic Dart                     Conjuration                  1
   b - Blink                          Translocation                2
   c - Call Imp                       Summoning                    2
   d - Repel Missiles                 Charms/Air                   2
   e - Slow                           Hexes                        2
   f - Conjure Flame                  Conjuration/Fire             3
   g - Mephitic Cloud                 Conjuration/Poison/Air       3
Comestibles
 d - 8 bread rations
 B - a slice of pizza


   Skills:
 - Level 1.1(0.8) Short Blades
 - Level 3.0(2.7) Dodging
 + Level 9.5(9.2) Stealth
 * Level 9.4(9.1) Spellcasting
 * Level 9.8(9.5) Hexes


You had 20 spell levels left.
You knew the following spells:

 Your Spells              Type           Power        Failure   Level  Hunger
a - Corona                Hex            #####..      1%          1    None
b - Ensorcelled Hibernat  Hex/Ice        ###...       1%          2    None
c - Confuse               Hex            #####...     1%          3    #......


Dungeon Overview and Level Annotations

Branches:
Dungeon (8/15)             Temple (1/1) D:5
   Lair: D:8-11

Altars:
Ashenzari
Cheibriados
Dithmenos
Elyvilon
Fedhas
Gozag
Hepliaklqana
Kikubaaqudgha
Makhleb
Nemelex Xobeh
Okawaru
Qazlal
Ru
Sif Muna
Trog
Uskayaw
Vehumet
Xom
Yredelemnul
Zin
The Shining One


Innate Abilities, Weirdness & Mutations

You are very small and have problems with some larger weapons.
You are too small for most types of armour.
You have supernaturally acute eyesight. (SInv)
You are a herbivore.
You cover ground extremely quickly.
You need consume almost no food.


Message History

The wight closely misses you.
The wight hits the wight with a scimitar.
You hit the wight but do no damage. The wight misses you. x2
The hippogriff bites you. The hippogriff pecks you.
The hippogriff closely misses you.
Casting: Confuse
Confirm with . or Enter, or press ? or * to list all spells.
Aiming: Ensorcelled Hibernation
Press: ? - help, Shift-Dir - straight line, f - hippogriff
Aim: a hippogriff (chance to defeat MR: 48%)
You miscast Ensorcelled Hibernation.
You are very lightly contaminated with residual magic.
Your skin glows momentarily.
The wight hits you from afar with a halberd!
* * * LOW HITPOINT WARNING * * *
The hippogriff barely misses you. x2; The hippogriff claws you.
* * * LOW HITPOINT WARNING * * *
The wight hits you from afar with a halberd!
You die...
Your body crumbles into a pile of gold.

######(..........
#...........# ...
#.#####(....#....
##.#...(...z...#
#.......$$$.#..#
#.###...<#.....#
#.#)#Zz###'##.....
#.###zH.....#.....
#......@....# ....
####........# ...
#........# ...
#.....)..#
#........#
###......(.#
#..........#
#..........#
#..........#


You could see a hippogriff, 2 wights and a leopard gecko zombie.

Vanquished Creatures
  Pikel (D:5)
  Sigmund (D:3)
  The ghost of jiveturtle the Conjurer, an amateur DrCj (D:4)
  Menkaure (D:7)
  2 ogres
  2 bullfrogs
  2 scorpions (D:4)
  A wight (D:8)
  A howler monkey (D:6)
  4 crimson imps
  2 hounds
  2 iguanas
  4 orc priests
  Ijyb (D:3)
  3 orc wizards
  4 worker ants
  A hound zombie (D:7)
  A hound skeleton (D:7)
  Robin (D:3)
  2 worker ant zombies
  6 adders
  A shadow imp (D:6)
  4 oozes
  8 worms
  A dart slug (D:4)
  2 leopard geckos
  7 orcs
  A ball python (D:6)
  8 bats
  7 giant cockroaches
  5 hobgoblins
  15 jackals
  7 kobolds
  5 quokkas
  4 frilled lizards
  14 goblins
  A quokka skeleton (D:7)
  6 rats
139 creatures vanquished.

Notes
Turn   | Place    | Note
-------+----------+-------------------------------------------
     0 | D:1      | LORDOFBUTT the Spriggan Enchanter began the quest for the Orb.
     0 | D:1      | Reached XP level 1. HP: 9/9 MP: 5/5
   271 | D:1      | Reached XP level 2. HP: 7/13 MP: 7/7
  1398 | D:2      | Reached XP level 3. HP: 14/16 MP: 9/9
  1443 | D:2      | Learned a level 2 spell: Ensorcelled Hibernation
  1651 | D:2      | Learned a level 3 spell: Confuse
  1821 | D:2      | Found a white marble altar of Elyvilon.
  1823 | D:2      | Found a glowing golden altar of the Shining One.
  1824 | D:2      | Found a glowing silver altar of Zin.
  1856 | D:3      | Noticed Robin
  1994 | D:3      | Killed Robin
  1994 | D:3      | Reached skill level 5 in Stealth
  1994 | D:3      | Reached skill level 5 in Hexes
  1994 | D:3      | Reached XP level 4. HP: 16/21 MP: 1/10
  2456 | D:3      | Learned a level 1 spell: Corona
  2648 | D:3      | Noticed Sigmund
  2673 | D:3      | Killed Sigmund
  2673 | D:3      | Reached skill level 5 in Spellcasting
  2673 | D:3      | Reached XP level 5. HP: 9/24 MP: 13/13
  2842 | D:3      | Reached XP level 6. HP: 23/28 MP: 15/15
  2963 | D:3      | Noticed Ijyb
  2985 | D:3      | Killed Ijyb
  3259 | D:3      | Found a blossoming altar of Fedhas.
  3266 | D:3      | Found a hazy altar of Hepliaklqana.
  3943 | D:4      | Noticed jiveturtle's ghost (amateur DrCj)
  4061 | D:4      | Killed jiveturtle's ghost
  4061 | D:4      | Reached XP level 7. HP: 22/32 MP: 17/17
  4237 | D:5      | Entered Level 5 of the Dungeon
  5095 | D:5      | Noticed Pikel
  5125 | D:5      | Killed Pikel
  5125 | D:5      | Reached XP level 8. HP: 9/36 MP: 11/20
  7226 | D:5      | Found a staircase to the Ecumenical Temple.
  7438 | Temple   | Entered the Ecumenical Temple
  7492 | Temple   | Became a worshipper of Gozag Ym Sagoz the Greedy
  7848 | D:7      | You fall through a shaft!
  7885 | D:8      | Noticed a hippogriff
  8228 | D:7      | Noticed Menkaure
  8302 | D:7      | Killed Menkaure
  8302 | D:7      | Reached XP level 9. HP: 34/39 MP: 23/23
  8800 | D:8      | Slain by a wight

Skill      XL: |  1  2  3  4  5  6  7  8 |
---------------+-------------------------+-----
Spellcasting   | 3 5 6 7 9 |  9.4
Hexes          | 4 5 6 8 9 |  9.8
Stealth        | 5 6 7 9 |  9.5
Short Blades   | |  1.1
Dodging        | |  3.0

Action                   |  1- 3 |  4- 6 |  7- 9 || total
-------------------------+-------+-------+-------++-------
Melee: Dagger            |   167 |   201 |   212 ||   580
 Cast: Ensorcelled Hiber |    14 |    13 |    50 ||    77
       Confuse           |       |     7 |    21 ||    28
  Use: Scroll            |     6 |     2 |     6 ||    14
       Potion            |     1 |       |     2 ||     3
 Stab: Sleeping          |    16 |    17 |    44 ||    77
       Confused          |       |     5 |     5 ||    10
       Distracted        |       |     1 |       ||     1
  Eat: Fruit             |       |     3 |     2 ||     5
       Bread ration      |       |       |     1 ||     1
Armor: Robe              |    28 |    19 |    12 ||    59
Dodge: Dodged            |   159 |   143 |   172 ||   474
